 Dungeon Crawl Stone Soup version 0.29-a0-23-ga79f92ac9c (webtiles) character file.

Game seed: 5537236862349196886

5 frimble the Chiller (level 1, 0/13 HPs)
             Began as a Demonspawn Ice Elementalist on Jan 30, 2022.
             Slain by a jackal (1 damage)
             ... on level 1 of the Dungeon.
             The game lasted 00:01:02 (201 turns).

frimble the Chiller (Demonspawn Ice Elementalist)    Turns: 201, Time: 00:01:03

Health: 0/13       AC:  2    Str:  8    XL:     1   Next: 66%
Magic:  0/3        EV: 12    Int: 16    God:
Gold:   9          SH:  0    Dex: 13    Spells: 3/4 levels left

rFire   . . .      SeeInvis .   (no weapon)
rCold   . . .      Faith    .   (no shield)
rNeg    . . .      Spirit   .   a - +0 robe
rPois   .          Reflect  .   (no helmet)
rElec   .          Harm     .   (no cloak)
rCorr   .          Rampage  .   (no gloves)
Will    .....                   (no boots)
Stlth   ++........              (no amulet)
HPRegen 0.04/turn               (no ring)
MPRegen 0.08/turn               (no ring)

@: no status effects
A: no striking features
a: no special abilities


You were on level 1 of the Dungeon.
You visited 1 branch of the dungeon, and saw 1 of its levels.

You collected 9 gold pieces.

Inventory:

Armour
 a - a +0 robe (worn)
Jewellery
 c - an amulet of the acrobat
Potions
 d - a potion of heal wounds


   Skills:
 - Level 1.7 Dodging
 - Level 1.7 Stealth
 - Level 2.0 Spellcasting
 + Level 3.9 Ice Magic


You had 3 spell levels left.
You knew the following spells:

 Your Spells              Type           Power      Damage    Failure   Level
a - Freeze                Ice            56%        1d7       4%          1

Your spell library contained the following spells:

 Spells                   Type           Power      Damage    Failure   Level
 Frozen Ramparts          Ice            28%        1d4       12%         3
 Ozocubu's Armour         Ice            14%        N/A       12%         3
 Hailstorm                Conj/Ice       7%         3d4       67%         4


Dungeon Overview and Level Annotations

Branches:
Dungeon (1/15)

Altars:


Message History

A jackal comes into view.
The jackal barks!
The jackal bites you but does no damage.
Your magical contamination has completely faded away.
You see here 2 blue potions.
d - 2 blue potions The jackal bites you but does no damage.
The hobgoblin barely misses you.
It was a potion of heal wounds.
You feel much better. The hobgoblin hits you.
The jackal bites you but does no damage.
Casting: Freeze (safe; 4% risk of failure)
Confirm with . or Enter, or press ? or * to list all spells.
Aiming: Freeze (safe; 4% risk of failure)
Press: ? - help, Shift-Dir - straight line, f/p - hobgoblin
Aim: a hobgoblin (severely wounded)
You freeze the hobgoblin.
You kill the hobgoblin!
The jackal bites you.
As you read the scroll labelled OQAPPOFOMA, it crumbles to dust.
You feel aware of your surroundings.
It was a scroll of magic mapping.
The jackal closely misses you. The rat bites you.
You aren't carrying any items that you can evoke.
Okay, then.
Unknown command.
The jackal barely misses you. The rat bites you. The jackal bites you.
You hit the jackal but do no damage.
The jackal pauses to sniff the ground.
The jackal bites you. The rat bites you.
* * * LOW HITPOINT WARNING * * *
You completely miss the jackal. The jackal barely misses you.
The rat bites you.
* * * LOW HITPOINT WARNING * * *
The jackal bites you.
* * * LOW HITPOINT WARNING * * *
You barely miss the jackal. The jackal barely misses you.
The rat bites you but does no damage.
You hit the jackal.
The jackal is lightly wounded.
The jackal bites you.
You die...

*** *******,* *,,,,,,,*
*,*****,* *****,*,,,*,*
,,,,*,*,*,*,*
***,*,*,,,,,*
***.#,***,*****#########*
,,...,,,,,,,,,>#@hhhh...*
**#.#****,*****#r#####.#*
#.# *,* #l#,,,*,* ###.#
*,* #S#,*,*,* ..#.# *,*
#.#,*,*,* #.#.#####,*
#.#,*,*,* ........#,*
#.#,*,*,* ..#.###.#,*
#.#,*,*,* ###.###+#.#**
#.#,*,*,*


You could see 4 jackals, a ball python, a frilled lizard and a rat.

Vanquished Creatures
  2 bats (D:1)
  A giant cockroach (D:1)
  A hobgoblin (D:1)
  A rat (D:1)
5 creatures vanquished.

Notes
Turn   | Place    | Note
-------+----------+-------------------------------------------
     0 | D:1      | frimble the Demonspawn Ice Elementalist began the quest for
                  | the Orb.
     0 | D:1      | Reached XP level 1. HP: 13/13 MP: 3/3
   201 | D:1      | Slain by a jackal

Illustrated notes

Levels and vault maps discovered:
D:1:      lightli_arrival_windingriver, layout_basic

Action                   || total
-------------------------++-------
Melee: Unarmed           ||    12
       Punch             ||     2
 Cast: Freeze            ||    11
  Use: Scroll            ||     1
       Potion            ||     1
Armor: Robe              ||    10
Dodge: Dodged            ||    26

Table legend: (Time is in decaauts)
 A = Elapsed time spent in this place.
 B = Non-inter-level travel time spent in this place.
 C = Inter-level travel time spent in this place.
 D = Time resting spent in this place.
 E = Time spent auto-exploring this place.
 F = Levels seen in this place.
 G = Mean time per level.
                   A        B        C        D        E       F      G
               +--------+--------+--------+--------+--------+-----+--------+
         Total |    202 |    202 |      0 |      0 |     90 |   1 |  202.0 |
       Dungeon |    202 |    202 |      0 |      0 |     90 |   1 |  202.0 |
               +--------+--------+--------+--------+--------+-----+--------+

Top non-repeatable levels by time:
     D:1: 202 daAuts
